Map: Data-C

Players

Dan

  • Race: Terran Terran
  • League: Diamond
  • Spawn Location: 9:00

WAZPINATOR - Winner!

  • Race: Zerg Zerg
  • League: Diamond
  • Spawn Location: 3:00

VOD

Have the link to the VOD?

Description

Time

  • Played on: July 28, 2022, 11:58 p.m.
  • Length: 19:54
Show
View Real Time Build Order
Export as new Build Order

Dan Terran 

Build Orders:  

Get SALT Encoding   

  12  0:16  Supply Depot  
  12  0:43  Barracks  
  12  0:45  Barracks  
  12  0:50  SCV  
  13  1:02  SCV  
  14  1:09  Barracks  
  14  1:15  SCV  
  15  1:27  SCV  
  15  1:30  Marine  
  17  1:33  Marine  
  18  1:44  SCV  
  18  1:45  Supply Depot  
  19  1:48  Marine  
  19  1:51  Marine  
  21  2:03  Bunker  
  21  2:08  Bunker  
  21  2:10  Marine  
  21  2:29  Marine  
  19  2:30  Marine  
  20  2:47  Marine x2  
  15  3:22  Marine  
  16  3:28  Bunker  
  16  3:29  Refinery  
  16  3:31  Refinery  
  16  3:33  SCV  
  16  3:34  Command Center  
  17  3:39  Marine  
  18  3:45  SCV  
  19  3:57  Marine, SCV  
  21  4:09  SCV  
  22  4:15  Marine  
  23  4:21  SCV  
  24  4:29  Factory  
  24  4:33  SCV  
  25  4:45  SCV  
  25  4:47  Engineering Bay  
  26  4:55  Marine  
  26  4:56  Marine  
  28  5:15  Starport, Factory Tech Lab  
  28  5:17  Marine x2  
  30  5:25  SCV  
  31  5:33  Siege Tank  
  34  5:37  SCV  
  34  5:40  Supply Depot  
  35  5:54  Fusion Core  
  35  5:56  Starport Tech Lab  
  35  6:05  Orbital Command  
  35  6:06  Siege Tank  
  38  6:53  Battlecruiser  
  44  6:59  Marine  
  44  7:00  Marine x2  
  47  7:02  SCV  
  48  7:16  SCV  
  48  7:22  Marine x2  
  51  7:23  Marine  
  51  7:28  SCV  
  53  7:35  SCV  
  54  7:56  Supply Depot, SCV x2, Marine  
  57  8:08  SCV  
  57  8:09  Battlecruiser  
  64  8:18  Supply Depot  
  64  8:20  SCV  
  65  8:32  SCV  
  57  9:13  Battlecruiser  
  61  9:28  Marine  
  62  9:33  SCV  
  63  9:46  Marine  
  64  10:04  Marine  
  65  10:18  Battlecruiser  
  71  10:22  Marine  
  72  10:40  Marine  
  70  11:01  SCV  
  71  11:13  SCV  
  72  11:22  Battlecruiser  
  72  11:25  SCV  
  79  11:37  SCV  
  80  11:49  SCV  
  81  11:56  Weapon Refit  
  81  11:59  Refinery  
  81  12:01  SCV  
  81  12:02  Refinery  
  82  12:14  Missile Turret  
  82  12:16  Missile Turret  
  82  12:27  Battlecruiser  
  88  12:38  Missile Turret  
  88  12:39  Missile Turret  
  89  12:44  SCV  
  89  12:53  SCV  
  90  13:01  Missile Turret  
  90  13:05  SCV  
  91  13:12  Barracks Tech Lab, Barracks Reactor  
  91  13:23  Barracks Reactor  
  91  13:59  Marine x5  
  91  14:01  Combat Shield  
  96  14:06  Terran Infantry Weapons Level 1  
  96  14:16  Marine  
  95  14:17  Command Center, Marine x4  
  100  14:31  Missile Turret, Medivac  
  100  14:36  Starport  
  102  14:40  Marine x5  
  107  14:58  Marine x3  
  110  15:13  Supply Depot  
  110  15:19  Stimpack  
  110  15:28  Medivac, Marine x2  
  110  15:35  Supply Depot  
  114  15:42  Marine  
  115  15:43  Marine  
  115  15:46  Marine  
  117  15:59  Medivac  
  119  16:13  Siege Tank  
  119  16:15  Missile Turret, Marine x4  
  119  16:16  Marine  
  127  16:20  Terran Infantry Armor Level 1  
  127  16:23  Armory  
  127  16:29  Medivac  
  129  16:33  Marine x5  
  129  16:35  Missile Turret  
  134  16:46  Siege Tank  
  137  16:51  Marine x3  
  140  16:57  SCV  
  141  17:26  Supply Depot, SCV, Marine  
  142  17:38  SCV  
  143  17:51  SCV  
  144  18:03  SCV  
  127  18:08  Marine  
  127  18:09  Marine x4  
  114  18:26  Marine x3  
  114  18:27  Marine x2  
  112  18:41  Medivac x2  
  113  18:44  Marine x5  
  118  19:02  Marine x5  
  123  19:11  Medivac x2  
  127  19:19  Marine  
  127  19:20  Marine x4  
Show
View Real Time Build Order
Export as new Build Order

WAZPINATOR Zerg - Winner!

Build Orders: 3 Hatch before Pool 

Get SALT Encoding   

  12  0:00  Drone  
  13  0:16  Overlord  
  13  0:17  Drone  
  14  0:34  Drone x2  
  16  0:46  Drone  
  17  0:56  Hatchery  
  16  0:58  Drone  
  16  1:00  Drone  
  18  1:21  Hatchery  
  18  1:23  Drone  
  18  1:27  Drone  
  19  1:42  Spawning Pool  
  19  1:44  Drone  
  19  1:47  Drone  
  19  1:51  Extractor  
  19  1:54  Drone  
  14  2:38  Zergling x14  
  21  2:44  Zergling x2  
  22  2:52  Zergling x2  
  22  2:53  Zergling x2  
  23  2:59  Zergling x2  
  23  3:02  Zergling x2  
  23  3:03  Zergling x2  
  25  3:07  Zergling x2  
  25  3:13  Zergling x2  
  25  3:16  Overlord  
  25  3:19  Zergling x2  
  26  3:29  Drone, Evolution Chamber  
  26  3:35  Drone  
  26  3:36  Drone  
  26  3:40  Drone  
  29  3:44  Drone  
  30  3:48  Drone  
  30  3:52  Drone  
  32  3:56  Drone  
  32  4:00  Zergling x2  
  33  4:04  Zergling x2  
  33  4:08  Drone  
  33  4:14  Drone  
  33  4:22  Overlord x2  
  33  4:41  Drone x7  
  40  4:46  Drone  
  41  4:55  Drone x3  
  41  4:57  Drone  
  45  5:00  Zerg Melee Weapons Level 1  
  45  5:02  Drone  
  46  5:07  Drone  
  46  5:08  Drone  
  46  5:13  Drone  
  49  5:31  Overlord x3  
  49  5:43  Metabolic Boost  
  49  5:45  Hatchery  
  49  5:47  Drone  
  49  5:49  Drone x5  
  54  5:51  Drone  
  55  5:58  Spore Crawler  
  55  6:02  Spore Crawler  
  53  6:05  Spore Crawler  
  53  6:06  Spore Crawler  
  53  6:07  Queen x3  
  53  6:08  Spore Crawler  
  56  6:11  Spore Crawler  
  56  6:13  Drone  
  56  6:14  Spore Crawler  
  56  6:15  Drone  
  56  6:17  Drone  
  58  6:18  Drone  
  58  6:20  Zergling x2  
  58  6:28  Zergling x8  
  58  6:31  Zergling x2  
  58  6:32  Zergling x4  
  63  6:39  Zergling x2  
  58  6:42  Drone x2  
  59  6:54  Drone x3  
  59  7:00  Drone  
  63  7:09  Zergling x8  
  63  7:12  Drone  
  68  7:24  Lair  
  68  7:26  Hatchery, Extractor, Baneling Nest  
  68  7:27  Overlord, Extractor  
  68  7:28  Overlord x3  
  64  7:35  Spore Crawler  
  63  7:37  Spore Crawler  
  63  7:40  Drone x2  
  63  7:41  Drone  
  64  7:58  Drone x14  
  78  7:59  Extractor  
  77  8:10  Hatchery  
  74  8:15  Zergling x12  
  80  8:20  Zergling x8  
  80  8:21  Spawning Pool  
  80  8:22  Spore Crawler  
  70  9:05  Overlord x2  
  70  9:07  Queen  
  70  9:09  Zergling x26  
  82  9:22  Zergling x4  
  82  9:23  Zergling x6  
  83  9:29  Drone x2  
  79  9:41  Zergling x10  
  79  9:42  Extractor  
  79  9:43  Extractor  
  79  9:44  Hatchery  
  76  9:46  Hatchery  
  76  9:47  Queen x2  
  81  9:53  Spire  
  81  9:56  Extractor  
  81  9:57  Drone x4, Extractor  
  81  9:58  Drone x3  
  85  10:04  Drone  
  83  10:07  Zergling x10  
  83  10:13  Lair  
  84  10:14  Zergling x2  
  84  10:15  Zergling x6  
  85  10:23  Queen  
  85  10:31  Zergling x8  
  85  10:32  Zergling x2  
  89  10:37  Zergling x4  
  77  10:43  Zergling x2  
  77  10:47  Zergling x4  
  69  10:54  Overseer  
  60  11:02  Hatchery  
  59  11:07  Spire, Corruptor x4  
  59  11:10  Corruptor  
  66  11:16  Corruptor  
  65  11:22  Drone x9  
  73  11:31  Corruptor  
  71  11:48  Corruptor  
  71  12:01  Corruptor  
  71  12:02  Hatchery  
  71  12:07  Drone  
  71  12:08  Drone x2  
  75  12:10  Drone x10  
  85  12:16  Hatchery  
  84  12:26  Corruptor  
  86  12:46  Corruptor x2  
  86  12:47  Hatchery, Extractor  
  88  12:55  Zerg Melee Weapons Level 2  
  88  13:02  Corruptor  
  90  13:11  Zerg Flyer Armor Level 1  
  90  13:15  Drone  
  91  13:24  Corruptor  
  91  13:25  Corruptor  
  93  13:35  Mutalisk  
  93  13:39  Drone x4  
  93  13:40  Drone x9  
  108  13:49  Extractor x2  
  108  13:52  Mutalisk  
  108  13:55  Corruptor x2  
  104  14:07  Mutalisk  
  106  14:12  Corruptor  
  100  14:19  Corruptor  
  100  14:23  Drone x12  
  114  14:28  Extractor  
  114  14:29  Extractor  
  114  14:31  Drone  
  113  14:39  Spawning Pool  
  113  14:42  Infestation Pit  
  113  14:45  Spire, Corruptor  
  113  14:47  Drone x4  
  113  14:48  Drone x4  
  120  15:00  Drone x5, Spawning Pool  
  120  15:06  Overlord x4  
  121  15:21  Drone x6  
  119  15:27  Drone x6  
  119  15:28  Drone x2  
  118  15:40  Corruptor x6, Hatchery  
  118  15:41  Corruptor x2  
  133  15:49  Zerg Flyer Armor Level 2  
  133  15:51  Drone x7  
  133  15:55  Extractor  
  133  15:56  Extractor  
  138  16:12  Corruptor  
  138  16:18  Overlord x4  
  140  16:19  Overlord x3, Hatchery  
  140  16:23  Zerg Flyer Weapons Level 1  
  139  16:32  Zergling x2  
  140  16:40  Drone x9  
  140  16:41  Zergling x2  
  140  16:42  Zergling x8  
  154  16:54  Baneling Nest  
  153  17:02  Queen  
  153  17:05  Corruptor  
  153  17:06  Zergling x24  
  153  17:07  Zergling x8  
  172  17:12  Centrifugal Hooks  
  172  17:15  Hive  
  172  17:17  Lair  
  172  17:18  Zergling x6  
  172  17:19  Zergling x12  
  180  17:31  Zergling x10  
  180  17:32  Zergling x4  
  180  17:33  Hatchery  
  182  17:39  Corruptor x4  
  182  17:43  Zergling x2  
  182  17:44  Zergling x8  
  182  17:46  Drone x3  
  182  17:47  Zergling x2  
  182  17:50  Zergling x4  
  182  17:51  Zergling x2  
  187  17:58  Zergling x12  
  186  18:01  Zergling x4  
  186  18:04  Corruptor x2  
  182  18:06  Corruptor  
  182  18:09  Zergling x2  
  182  18:10  Zergling x4  
  182  18:11  Zergling x2  
  182  18:12  Zergling x2  
  189  18:15  Zergling x4  
  191  18:23  Hatchery  
  191  18:25  Zergling x2  
  191  18:26  Zergling x10  
  180  18:30  Zergling x4  
  180  18:33  Zergling x10  
  158  18:37  Zergling x2  
  158  18:38  Zergling x2  
  158  18:42  Zergling x4  
  158  18:45  Zergling x6  
  158  18:47  Zergling x2  
  164  18:53  Zergling x8  
  168  18:56  Zergling x4  
  168  18:57  Overlord x2  
  170  19:05  Baneling x7  
  170  19:06  Baneling x16  
  170  19:07  Baneling x2  
  170  19:08  Baneling  
  170  19:09  Baneling x3  
  170  19:10  Baneling  
  170  19:11  Baneling x3  
  170  19:12  Baneling  
  170  19:13  Baneling x2  
  170  19:14  Baneling  
  169  19:21  Zergling x2  
  169  19:22  Zergling x12  
  169  19:23  Zergling x2  
  169  19:27  Zergling x6  
  169  19:28  Zergling x2  
Tags
 
Add a new tag
Caveats
  • Supply blocks, unpowered buildings, or Contaminate may cause inaccurate times.
  • Supply counts are checked every 10 seconds.